 Dungeon Crawl Stone Soup version 0.28.0-43-g3370ac3207 (webtiles) character file.

Game seed: 11344439256215631674

28 adizb the Skirmisher (level 2, 0/24 HPs)
             Began as a Demonspawn Fighter on Mar 8, 2022.
             Slain by an orc wizard
             ... wielding a +0 dagger
              (4 damage)
             ... on level 2 of the Dungeon.
             The game lasted 00:03:57 (817 turns).

adizb the Skirmisher (Demonspawn Fighter)            Turns: 817, Time: 00:03:58

Health: 0/24       AC:  9    Str: 16    XL:     2   Next: 96%
Magic:  2/2        EV:  9    Int:  9    God:
Gold:   70         SH:  0    Dex: 12    Spells: 1/1 levels left

rFire   . . .      SeeInvis .   j - +0 great mace
rCold   . . .      Faith    .   (shield currently unavailable)
rNeg    . . .      Spirit   .   b - +0 scale mail
rPois   .          Reflect  .   g - +0 helmet
rElec   .          Harm     .   (no cloak)
rCorr   .          Rampage  .   (no gloves)
Will    .....                   (no boots)
Stlth   ..........              k - amulet of the acrobat
HPRegen 0.08/turn               (no ring)
MPRegen 0.08/turn               (no ring)

@: no status effects
A: molten scales 1
a: no special abilities


You were on level 2 of the Dungeon.
You visited 1 branch of the dungeon, and saw 2 of its levels.

You collected 70 gold pieces.

Inventory:

Hand Weapons
 a - a +0 flail
 j - a +0 great mace (weapon)
Armour
 b - a +0 scale mail (worn)
 c - a +0 buckler
 g - a +0 helmet (worn)
Jewellery
 e - an amulet of magic regeneration
 k - an amulet of the acrobat (around neck)
Scrolls
 f - a scroll of teleportation {unknown}
 l - a scroll of amnesia {unknown}
Potions
 d - a potion of might
 i - a potion of heal wounds


   Skills:
 * Level 3.3 Fighting
 * Level 2.2 Maces & Flails
 + Level 3.0 Armour
 - Level 2.9 Shields


You had one spell level left.
You didn't know any spells.
Your spell library was empty.

Dungeon Overview and Level Annotations

Branches:
Dungeon (2/15)

Altars:


Innate Abilities, Weirdness & Mutations

You are partially covered in molten scales. (AC +2)


Message History

You sock the goblin!
You kill the goblin!
Things that are here:
a +0 dagger; a goblin corpse
f - a scroll labelled CAYWOMUSIDOH An orc wizard comes into view.
It is wielding a +0 dagger.
The orc wizard shouts!
You hear a shout! x2
The orc wizard points at you and mumbles some strange words.
The magic dart hits you.
An orc comes into view. It is wielding a +0 flail.
An orc priest comes into view. It is wielding a +0 club.
The orc priest shouts!
You hear an angry hiss.
A ball python comes into view.
The ball python hisses angrily.
An orc comes into view. It is wielding a +0 morningstar.
The orc priest looks encouraged for a moment.
You sock the orc wizard!
The orc wizard is severely wounded.
An orc comes into view. It is wielding a +0 whip.
The orc wizard gestures at you while chanting.
You resist with significant effort. The orc closely misses you.
You closely miss the orc wizard.
The orc wizard is severely wounded.
The orc wizard hits you but does no damage.
The orc priest casts a cantrip, but nothing happens.
The orc completely misses you.
You hit the orc wizard.
The orc wizard is almost dead.
The orc hits you but does no damage.
The orc wizard hits you with a +0 dagger.
The orc hits you with a +0 flail.
You barely miss the orc wizard.
The orc wizard is almost dead.
The orc priest looks encouraged for a moment.
The orc wizard barely misses you. The orc hits you with a +0 flail.
The orc priest mumbles some strange prayers to Beogh against you.
Beogh smites you!
* * * LOW HITPOINT WARNING * * *
The orc wizard hits you with a +0 dagger.
You die...

#..........##.....#####
#......)........#...##
#.........##.......).###
#......)..######........
####.....## ............
##.#...###.#########..
#.......... ##.
#....oo### #. #....@o.#
#. #...##oSo.... ⌠#.
##.## ..#.... $#. #.#
......≈ .##. #.# .###. .
#. #.# .# # . #.# .# .
#. .# . .


You could see an orc priest, an orc wizard, 3 orcs and a ball python.

Vanquished Creatures
  A worm (D:2)
  5 ball pythons
  2 endoplasms (D:1)
  3 goblins
  A hobgoblin (D:1)
  5 kobolds
  3 bats (D:1)
  2 frilled lizards (D:1)
  3 rats (D:1)
25 creatures vanquished.

Notes
Turn   | Place    | Note
-------+----------+-------------------------------------------
     0 | D:1      | adizb the Demonspawn Fighter began the quest for the Orb.
     0 | D:1      | Reached XP level 1. HP: 18/18 MP: 1/1
   107 | D:1      | Gained mutation: You are partially covered in molten
                  | scales. (AC +2) [demonic ancestry]
   107 | D:1      | Reached XP level 2. HP: 19/24 MP: 2/2
   120 | D:1      | Found a faded altar of an unknown god.
   817 | D:2      | Slain by an orc wizard

Illustrated notes

Levels and vault maps discovered:
D:1:      dpeg_arrival_more_subterranean_lakeside_camping, layout_basic,
          basic_ecumenical_altar
D:2:      cheibrodos_pilgrimage, layout_rooms

Skill      XL: |  1  2 |
---------------+-------+-----
Maces & Flails | 2 |  2.2
Armour         | 3 |  3.0
Fighting       | |  3.3
Shields        | |  2.9

Action                   || total
-------------------------++-------
Melee: Flail             ||    42
       Great mace        ||    27
  Use: Scroll            ||     2
Armor: Scale mail        ||    41
Dodge: Dodged            ||    53
Block: Buckler           ||     9
